 Dungeon Crawl Stone Soup version 0.30-a0-782-ge64f9170bb (webtiles) character file.

Game seed: 5230354774501334808

186 Leeroy the Changer (level 5, -3/33 HPs)
             Began as an Octopode Transmuter on Mar 4, 2023.
             Killed from afar by an orc wizard (7 damage)
             ... with a magic dart
             ... on level 4 of the Dungeon.
             The game lasted 00:03:56 (2679 turns).

Leeroy the Changer (Octopode Transmuter)            Turns: 2679, Time: 00:03:56

Health: -3/33      AC:  1    Str:  9    XL:     5   Next: 65%
Magic:  8/8        EV: 18    Int: 18    God:
Gold:   149        SH:  0    Dex: 12    Spells: 4/8 levels left

rFire   . . .      SeeInvis .      - Unarmed
rCold   . . .      Faith    .    (no shield)
rNeg    . . .      Spirit   .    (helmet restricted)
rPois   .          Reflect  .    (no amulet)
rElec   .          Harm     .    g - +5 ring of evasion
rCorr   .          Rampage  .    (no ring)
Will    .....                    (no ring)
Stlth   ++                       (no ring)
HPRegen 0.25/turn                (no ring)
MPRegen 0.11/turn                (no ring)
                                 (no ring)
                                 (no ring)

@: no status effects
A: almost no armour, amphibious, 8 rings, camouflage 1, gelatinous body 1,
(nimble swimmer 1), tentacles
a: no special abilities


You were on level 4 of the Dungeon.
You visited 1 branch of the dungeon, and saw 4 of its levels.

You collected 149 gold pieces.

Inventory:

Hand Weapons
 k - the +3 hand axe "Merphe Ynuic" {protect, Will+ rCorr Str-3}
   (You found it on level 3 of the Dungeon)

   Str:       It affects your strength (-3).
   rCorr:     It protects you from acid and corrosion.
   Will:      It increases your willpower.
 l - a +2 short sword of venom
Missiles
 m - 2 poisoned darts
Jewellery
 g - a +5 ring of evasion (left tentacle)
 n - a +5 ring of evasion
 p - a ring of fire
Scrolls
 c - a scroll of enchant armour {unknown}
 h - a scroll of amnesia {unknown}
 i - a scroll of identify {unknown}
 o - a scroll of enchant weapon {unknown}
Potions
 a - a potion of lignification
 b - 3 potions of curing {unknown}
 d - a potion of heal wounds {unknown}
 e - 2 potions of might {unknown}
 f - a potion of attraction {unknown}
 j - 2 potions of mutation {unknown}


   Skills:
 - Level 1.0 Fighting
 - Level 2.0 Dodging
 - Level 3.1 Unarmed Combat
 - Level 2.0 Spellcasting
 + Level 5.6 Transmutations


You had 4 spell levels left.
You knew the following spells:

 Your Spells              Type           Power      Damage    Failure   Level
a - Beastly Appendage     Tmut           44%        N/A       1%          1
b - Spider Form           Tmut/Pois      11%        N/A       17%         3

Your spell library contained the following spells:

 Spells                   Type           Power      Damage    Failure   Level
 Wereblood                Tmut           22%        N/A       2%          2
 Passwall                 Tmut/Erth      9%         N/A       9%          2
 Sandblast                Erth           2%         2d4       19%         1
 Lesser Beckoning         Tloc           2%         N/A       26%         2
 Scorch                   Fire           2%         2d5       26%         2
 Call Canine Familiar     Summ           1%         N/A       47%         3
 Gell's Gravitas          Tloc           1%         N/A       47%         3
 Portal Projectile        Hex/Tloc       2%         N/A       47%         3
 Stone Arrow              Conj/Erth      2%         3d7       47%         3
 Teleport Other           Tloc           1%         N/A       47%         3
 Ice Form                 Ice/Tmut       11%        N/A       50%         4
 Flame Wave               Conj/Fire      1%         2d4       87%         4
 Leda's Liquefaction      Hex/Erth       0%         N/A       87%         4
 Summon Cactus Giant      Summ           0%         N/A       100%        6


Dungeon Overview and Level Annotations

Branches:
Dungeon (4/15)
 Temple: D:4-7

Altars:
Fedhas

Shops:
D:1 *

Annotations:
D:3 1 runed translucent door, Tribosh's ghost, amateur FoFi


Innate Abilities, Weirdness & Mutations

You cannot wear most types of armour.
You are amphibious.
You can wear up to eight rings at the same time.
Your skin changes colour to match your surroundings (Stealth+).
Your rubbery body absorbs attacks. (AC +1, EV +1)
((You are camouflaged when in or above water. (Stealth+)))
You have tentacles for arms and can constrict up to eight enemies at once.


Message History

The orc misses you.
You tentacle-slap the orc but do no damage.
You pierce the orc.
The orc is heavily wounded.
You constrict the orc. The orc closely misses you.
You tentacle-slap the orc but do no damage.
The orc is severely wounded.
You constrict the orc, but do no damage.
The orc hits you with a +0 hand axe.
You tentacle-slap the orc.
You pierce the orc.
You kill the orc!
You tentacle-slap the adder. Your grab misses the adder.
Your tentacle spike misses the adder.
The adder is almost dead.
The adder bites you but does no damage. The adder completely misses you.
You tentacle-slap the adder.
You kill the adder!
Your transformation is almost over.
You miss something. Something completely misses you.
You tentacle-slap something. Your squeeze misses something. Something hits you.
You closely miss something.
Your tentacle spike misses something.
Something hits you.
You miss something. Your squeeze misses something. Something hits you.
You closely miss something.
You pierce something.
Something hits you.
You completely miss something.
Your tentacle spike misses something.
You squeeze something. Something barely misses you.
You miss something. Your squeeze misses something. Something hits you.
* * * LOW HITPOINT WARNING * * *
You miss something. Your squeeze misses something. Something hits you.
* * * LOW HITPOINT WARNING * * *
You completely miss something.
Your tentacle spike disappears.
Something hits you.
* * * LOW HITPOINT WARNING * * *
You closely miss something. Your squeeze misses something. You miss something.
You hear some strange, mumbled words.
A magic dart appears from out of thin air!
The magic dart hits you!
You die...

....... .......
...=... #+#
....... #.#
....... #.#
$......
#.####<##.......
#......@{o....#
###############


You could see an orc.

Vanquished Creatures
  An orc priest (D:3)
  Jessica (D:3)
  7 adders
  6 orcs
  5 ball pythons
  5 endoplasms
  3 giant cockroaches
  3 goblins
  2 hobgoblins
  8 jackals
  2 quokkas
  2 bats
  A frilled lizard (D:1)
  11 kobolds
  3 rats
60 creatures vanquished.

Vanquished Creatures (others)
  A goblin (D:2)
1 creature vanquished.

Grand Total: 61 creatures vanquished

Notes
Turn   | Place    | Note
-------+----------+-------------------------------------------
     0 | D:1      | Leeroy the Octopode Transmuter began the quest for the Orb.
     0 | D:1      | Reached XP level 1. HP: 13/13 MP: 3/3
   187 | D:1      | Reached XP level 2. HP: 16/18 MP: 3/5
   339 | D:1      | Reached skill level 3 in Transmutations
   669 | D:1      | Reached XP level 3. HP: 20/23 MP: 4/6
   744 | D:1      | Found Seli Xus's Assorted Antiques.
  1136 | D:3      | Learned a level 3 spell: Spider Form
  1212 | D:3      | Reached skill level 4 in Transmutations
  1212 | D:3      | Reached XP level 4. HP: 28/28 MP: 5/7
  1251 | D:3      | Identified the +3 hand axe "Merphe Ynuic" {protect, Will+
                  | rCorr Str-3}
  1504 | D:3      | Noticed Jessica
  1512 | D:3      | Killed Jessica
  1513 | D:3      | Reached skill level 5 in Transmutations
  1513 | D:3      | Reached XP level 5. HP: 33/33 MP: 8/8
  1700 | D:3      | Found a runed translucent door.
  1958 | D:3      | Noticed Tribosh's ghost (amateur FoFi)
  2267 | D:2      | Found a blossoming altar of Fedhas.
  2305 | D:2      | Found a faded altar of an unknown god.
  2679 | D:4      | Killed from afar by an orc wizard

Illustrated notes

Levels and vault maps discovered:
D:1:      denvon_arrival_waterhouse, layout_basic, serial_shops, shop
D:2:      layout_basic, basic_altar,
          dreamdust_ecumenical_altar_angels_and_demons, lemuel_flame_loot_1
D:3:      minmay_door_path, layout_loops_ring, nicolae_overflow_hidden_temple,
          ebering_ghost_reflecting_pool, uniq_jessica
D:4:      layout_basic, mainiacjoe_overflow_alcove_1,
          minmay_temple_entry_from_below_a, serial_shops,
          nicolae_take_the_stairs, uniq_crazy_yiuf_cottage

Skill      XL: |  1  2  3  4 |
---------------+-------------+-----
Transmutations | 3 4 5 |  5.6
Fighting       | |  1.0
Dodging        | |  2.0
Unarmed Combat | |  3.1
Spellcasting   | |  2.0

Action                     |  1- 3 |  4- 6 || total
---------------------------+-------+-------++-------
  Melee: Unarmed           |    65 |    91 ||   156
         Tentacles         |    11 |    22 ||    33
         Constrict         |    16 |    18 ||    34
         Kick              |    14 |    22 ||    36
         Punch             |     2 |     1 ||     3
   Cast: Beastly Appendage |    17 |    18 ||    35
   Stab: Sleeping          |     7 |     2 ||     9
 Armour: Skin              |     7 |     3 ||    10
  Dodge: Dodged            |    37 |    67 ||   104

Table legend: (Time is in decaauts)
 A = Elapsed time spent in this place.
 B = Non-inter-level travel time spent in this place.
 C = Inter-level travel time spent in this place.
 D = Time resting spent in this place.
 E = Time spent auto-exploring this place.
 F = Levels seen in this place.
 G = Mean time per level.
                   A        B        C        D        E       F      G
               +--------+--------+--------+--------+--------+-----+--------+
         Total |   2670 |   2602 |     68 |      0 |   2133 |   4 |  667.5 |
       Dungeon |   2670 |   2602 |     68 |      0 |   2133 |   4 |  667.5 |
               +--------+--------+--------+--------+--------+-----+--------+

Top non-repeatable levels by time:
     D:3: 1218 daAuts
     D:1: 824 daAuts
     D:2: 601 daAuts
     D:4: 25 daAuts
